AoeStats
← Tobunga

Arena

504294065Analyzed
3v3 RM · 28d ago on Sep 4, 2026· 32m 13s· 6 players
Game mode
Random Map
Map size
Normal (6 player)
Population
200
Speed
Normal
Resources
Standard
Victory
Conquest
Starting age
Dark Age
Ending age
Imperial Age
RankedLock teamsTeams togetherTeam positionsShared explorationLock speedFull tech treeHidden civsTurbo modeCheats
Victory
Defeat
🇵🇰 Turks · Pakistan
1069
+13
🇵🇰 Franks · Pakistan
1035
+14
🇵🇰 Japanese · Pakistan
816
+25
🇩🇪 Spanish · Germany
1035
-19
🇩🇪 Mongols · Germany
1029
-19
🇩🇪 Britons · Germany
935
-14
OBX
11:29 Feudal Age
9:44 Loom
15:23 Castle Age
15:18 Double-Bit Axe
17:22 Scale Barding Armor
18:54 Gold Mining
23:13 Forging
24:55 Chain Barding Armor
28:56 Husbandry
29:54 Iron Casting
izaan
12:40 Feudal Age
17:55 Castle Age
16:31 Double-Bit Axe
22:36 Scale Mail Armor
22:51 Forging
25:44 Gold Mining
30:20 Gold Shaft Mining
A G H A
12:26 Feudal Age
14:09 Double-Bit Axe
16:31 Castle Age
14:41 Gold Mining
20:43 Imperial Age
20:49 Padded Archer Armor
22:07 Leather Archer Armor
26:42 Loom
27:32 Wheelbarrow
30:21 Leather Archer Armor
30:31 Horse Collar
Tobunga
10:04 Feudal Age
15:06 Loom
18:03 Castle Age
16:34 Double-Bit Axe
16:32 Horse Collar
21:18 Bow Saw
21:16 Padded Archer Armor
30:39 Imperial Age
29:22 Forging
29:18 Scale Barding Armor
31:04 Heavy Plow
32:11 Iron Casting
31:10 Cavalier
32:49 Bloodlines
GenosseFelix
10:00 Feudal Age
15:30 Castle Age
15:29 Double-Bit Axe
16:28 Horse Collar
17:25 Heavy Plow
17:52 Fletching
20:43 Wheelbarrow
22:52 Bodkin Arrow
24:50 Padded Archer Armor
27:29 Leather Archer Armor
29:15 Scale Barding Armor
29:21 Forging
30:59 Chain Barding Armor
30:42 Husbandry
30:54 Bloodlines
Mebossmer
9:25 Feudal Age
11:13 Double-Bit Axe
12:49 Wheelbarrow
13:46 Horse Collar
16:45 Stone Mining
19:24 Castle Age
20:42 Heavy Plow
20:08 Crossbowman
24:25 Bow Saw
25:41 Pikeman
26:38 Forging
28:37 Elite Skirmisher
Connection lost

Rejoining the realm…

Still unreachable

The connection could not be restored.

Session expired

The server has moved on; the page needs a fresh start.